Map: Chain of Ascension

Players

wasp

  • Race: Protoss Protoss

larsgj

  • Race: Terran Terran

VOD

Have the link to the VOD?

Description

Time

  • Played on: Sept. 22, 2018, 9:06 a.m.
  • Length: 11:53
Show
View Real Time Build Order
Export as new Build Order

wasp Protoss 

Build Orders:  

Get SALT Encoding   

    0:00  Probe x12 (Chrono Boost)  
    0:09  Unknown x3  
  12  0:26  Pylon  
  12  0:53  Gateway  
  12  1:13  Gateway  
  12  1:30  Forge  
  12  2:13  Supplicant x2  
  16  2:25  Cybernetics Core  
  16  2:37  Supplicant x2  
  20  2:56  Assimilator  
  20  3:01  Assimilator  
  20  3:59  Slayer  
  22  4:10  Pylon  
  22  4:33  Pylon  
  22  4:35  Supplicant x2  
  26  5:16  Slayer x2  
  30  5:29  Warp Gate  
  30  5:53  Havoc  
  31  6:29  Cloaking Module  
  19  9:02  Havoc  
  20  9:10  Havoc  
  12  10:54  Supplicant x2  
  12  10:55  Supplicant x2  
Show
View Real Time Build Order
Export as new Build Order

larsgj Terran 

Build Orders:  

Get SALT Encoding   

    0:00  SCV x12  
    0:09  Unknown x2  
  12  0:12  SCV  
  13  0:29  Supply Depot  
  13  0:36  SCV  
  14  0:53  SCV  
  15  1:10  SCV  
  15  1:12  Barracks  
  16  1:27  SCV  
  17  1:32  Supply Depot  
  17  1:44  SCV  
  17  1:45  Marine  
  19  1:56  Marine  
  20  2:00  SCV  
  20  2:04  Supply Depot  
  21  2:17  SCV  
  22  2:25  Marine  
  22  2:26  Supply Depot  
  23  2:34  SCV  
  23  2:36  Marine  
  25  2:51  SCV  
  25  2:53  Supply Depot  
  25  2:54  Marine  
  27  3:04  Marine  
  27  3:08  SCV  
  29  3:14  Supply Depot  
  29  3:15  Marine  
  30  3:25  SCV  
  30  3:28  Refinery  
  31  3:33  Refinery  
  31  3:34  Marine  
  32  3:42  SCV  
  32  3:44  Marine  
  34  3:52  Supply Depot  
  34  3:59  SCV  
  35  4:01  Engineering Bay  
  35  4:06  Marine  
  36  4:16  SCV  
  27  5:02  Barracks Tech Lab  
  28  5:10  Barracks  
  28  5:20  SCV  
  28  5:23  Marine  
  28  5:26  Factory  
  29  5:33  Marine  
  29  5:37  SCV  
  31  5:43  Terran Infantry Weapons Level 1, Marine  
  31  5:45  Barracks  
  32  5:51  Barracks Tech Lab  
  32  5:54  SCV  
  33  6:02  Marine  
  34  6:10  SCV  
  34  6:12  Marine  
  36  6:27  SCV  
  37  6:44  SCV  
  38  7:01  SCV  
  38  7:04  Unknown  
  39  7:19  Marine x2  
  39  7:20  Barracks Tech Lab  
  39  7:26  SCV  
  39  7:29  Marine  
  46  7:30  Marine  
  42  7:39  Marine  
  44  7:40  Marine  
  44  7:43  SCV  
  44  7:44  Starport  
  44  7:49  Armory  
  47  7:50  Marine x2  
  47  7:58  Stabilizer Medpacks  
  49  8:00  Marine x2, SCV  
  52  8:17  SCV  
  53  8:23  Terran Infantry Armor Level 1  
  53  8:34  SCV  
  54  8:56  Marine  
  54  8:57  Marine  
  56  9:05  Marine  
  56  9:06  Marine  
  56  9:07  Marine  
  58  9:15  Marine  
  58  9:16  Marine  
  58  9:17  Marine  
  61  9:25  Marine  
  61  9:27  Marine x2  
  64  9:35  Marine  
  64  9:37  Marine x2  
  66  9:40  Supply Depot  
  66  9:45  SCV, Marine  
  70  9:59  Marine  
  70  10:07  Marine x2  
  71  10:10  SCV  
  71  10:12  Supply Depot  
  71  10:16  Supply Depot  
  74  10:27  SCV  
  75  10:37  Marine  
  76  10:44  SCV  
  76  10:45  Supply Depot  
  76  10:47  Supply Depot  
  77  11:01  SCV  
  77  11:07  Marine x3  
  78  11:17  Marine x2  
  78  11:18  Marine, Supply Depot x2  
  81  11:27  Marine x2  
  86  11:49  Supply Depot  
  86  11:50  Supply Depot  
Tags
 
Add a new tag
Caveats
  • Supply blocks, unpowered buildings, or Contaminate may cause inaccurate times.
  • Supply counts are checked every 10 seconds.